[Event "WWRR B-Group 2024"]
[Site "Wachtebeke"]
[Date "2024.02.12"]
[Round "1.1"]
[White "Ruzhansky, Elias"]
[Black "Toulzac, Pierre-Yves"]
[Result "1/2-1/2"]
[ECO "B06"]
[WhiteElo "2133"]
[BlackElo "2046"]
[Annotator "NA RC"]
[PlyCount "134"]
[EventDate "2024.02.12"]
[EventType "tourn"]
[EventCountry "BEL"]
[SourceTitle "playchess.com"]
[Source "ChessBase"]
[SourceQuality "1"]
[TimeControl "40/5400+30:900+30"]

1. e4 g6 2. d4 Bg7 3. Nf3 d6 4. Bd3 a6 5. O-O Nf6 6. c3 O-O 7. Re1 Nc6 8. h3 e5 9. Be3 exd4 10. Nxd4 Ne5 11. Bc2 Nc4 12. Bc1 Re8 13. Nd2 Nxd2 14. Bxd2 Bd7 15. Bg5 h6 16. Bh4 c5 17. Nf3 Be6 18. a4 Qb6 19. Qd2 Nd7 20. Bd3 Ne5 21. Nxe5 dxe5 22. Qe2 g5 23. Bg3 Rad8 24. a5 Qc6 25. h4 Rd6 26. hxg5 hxg5 27. Bc2 Red8 28. Red1 c4 29. Rxd6 Rxd6 30. Qh5 f6 31. Ba4 Qc8 32. Qe2 Qd8 33. Rd1 Rxd1+ 34. Qxd1 Qxa5 35. Qd6 Bf7 36. Bd1 Qb5 37. Bg4 Qxb2 38. Be6 Qb1+ 39. Kh2 Qd3 40. Qb8+ Bf8 41. Bxf7+ Kxf7 42. Qxb7+ Be7 43. Qxa6 Qxc3 44. Qc8 Qd4 45. f3 Qc5 46. Qh8 c3 47. Qh7+ Ke6 48. Qg8+ Kd7 49. Be1 c2 50. Bd2 c1=Q 51. Bxc1 Qxc1 52. Qd5+ Bd6 53. Qf7+ Kc8 54. Qe6+ Kc7 55. Qf7+ Kb6 56. Qe6 Qd2 57. Kh3 Kc5 58. g3 g4+ 59. Kxg4 Qg5+ 60. Kh3 Kc6 61. Qc8+ Bc7 62. Qe6+ Kb7 63. Qd5+ Kb8 64. Qb5+ Ka7 65. Qc5+ Kb7 66. Qb5+ Ka7 67. Qc5+ Kb7 1/2-1/2

[Event "WWRR B-Group 2024"]
[Site "Wachtebeke"]
[Date "2024.02.12"]
[Round "1.2"]
[White "Verduyn, Frederic"]
[Black "Dreelinck, Adriaan"]
[Result "1-0"]
[ECO "B13"]
[WhiteElo "2087"]
[BlackElo "2205"]
[Annotator "RC"]
[PlyCount "79"]
[EventDate "2024.02.12"]
[EventType "tourn"]
[EventCountry "BEL"]
[SourceTitle "playchess.com"]
[Source "ChessBase"]
[SourceQuality "1"]
[TimeControl "40/5400+30:900+30"]

1. d4 Nf6 2. Nc3 d5 3. Bf4 c5 4. e3 cxd4 5. exd4 a6 6. Nf3 Nc6 7. Ne5 h5 8. Nxc6 bxc6 9. Bd3 Qb6 10. Ne2 a5 11. O-O Ba6 12. Bxa6 Qxa6 13. Nc1 Qb6 14. Rb1 e6 15. c3 Ne4 16. Nd3 Bd6 17. Bxd6 Nxd6 18. Ne5 Qb5 19. Re1 Ra7 20. Qf3 Ne4 21. c4 Qb6 22. Rbd1 Rh6 23. Qe3 Qa6 24. cxd5 cxd5 25. Rc1 f6 26. Rc6 Qb7 27. Rxe6+ Kf8 28. Nc6 Ra6 29. Qa3+ Kg8 30. Re8+ Kh7 31. Nd8 Qb4 32. Qe3 f5 33. Nf7 Rhe6 34. Rh8+ Kg6 35. Ne5+ Rxe5 36. dxe5 d4 37. Qe2 Kf7 38. Rc1 g6 39. Qxa6 Kg7 40. Rc7+ 1-0

[Event "WWRR B-Group 2024"]
[Site "Wachtebeke"]
[Date "2024.02.12"]
[Round "1.3"]
[White "Nemegeer, Arne"]
[Black "Kurt, Sascha"]
[Result "1/2-1/2"]
[ECO "B22"]
[WhiteElo "2100"]
[BlackElo "2002"]
[Annotator "NA RC"]
[PlyCount "66"]
[EventDate "2024.02.12"]
[EventType "tourn"]
[EventCountry "BEL"]
[SourceTitle "playchess.com"]
[Source "ChessBase"]
[SourceQuality "1"]
[TimeControl "40/5400+30:900+30"]

1. e4 c5 2. Nf3 e6 3. c3 Nf6 4. e5 Nd5 5. d4 cxd4 6. cxd4 d6 7. Bc4 Nc6 8. O-O Nb6 9. Bd3 Be7 10. Nc3 dxe5 11. dxe5 O-O 12. Qe2 Nd5 13. Qe4 g6 14. Bh6 Nxc3 15. bxc3 Re8 16. Rfe1 Qd5 17. Rad1 Qxe4 18. Bxe4 a5 19. a4 Ra6 20. Be3 f6 21. Bd3 Ra8 22. Bb5 Rd8 23. exf6 Rxd1 24. Rxd1 Bxf6 25. c4 Kf7 26. Ng5+ Bxg5 27. Bxg5 e5 28. Rd6 Be6 29. h4 Nd4 30. Rb6 Rb8 31. Ba6 Ne2+ 32. Kh2 Nc3 33. Bb5 Nxb5 1/2-1/2

[Event "WWRR B-Group 2024"]
[Site "Wachtebeke"]
[Date "2024.02.12"]
[Round "1.4"]
[White "Schrik, Rachid"]
[Black "Dreelinck, Jacob"]
[Result "0-1"]
[ECO "A65"]
[WhiteElo "2179"]
[BlackElo "2196"]
[Annotator "TA"]
[PlyCount "90"]
[EventDate "2024.02.12"]
[EventType "tourn"]
[EventCountry "BEL"]
[SourceTitle "playchess.com"]
[Source "ChessBase"]
[SourceQuality "1"]
[TimeControl "40/5400+30:900+30"]

1. d4 Nf6 2. c4 c5 3. d5 e6 4. Nc3 exd5 5. cxd5 d6 6. e4 g6 7. f3 Bg7 8. Bg5 O-O 9. Qd2 a6 10. a4 Nbd7 11. Nh3 Qa5 12. Ra3 ({White should try} 12. Nf2 $14) 12... Re8 (12... Ne5 $11 {remains equal.} 13. Nf2 Qb4) 13. Be2 h5 14. Nf2 Nh7 {[%emt 0:01:08] White is better.} 15. Bh6 Bh8 16. O-O Qd8 17. Be3 Qe7 (17... b6 $142) 18. Raa1 (18. a5 $16) 18... Ndf8 19. Rae1 Bd7 20. Bd3 b5 21. axb5 axb5 22. f4 ({Better is} 22. Nxb5 $14 Bxb5 23. Bxb5) 22... Qd8 $2 (22... b4 $11 23. Ncd1 Bg7) 23. Kh1 (23. Nxb5 $18 Qb8 24. Na3) 23... c4 24. Be2 Rb8 25. Bd4 Bxd4 26. Qxd4 Qb6 27. Qd1 Rbc8 {[%emt 0:05:55] [#]} 28. e5 $2 {[%emt 0:11:14] This move loses the game for White.} dxe5 $19 29. f5 Bxf5 (29... gxf5 30. Bxh5 b4 31. Na4) 30. g4 hxg4 31. Bxg4 Bd7 32. Bxd7 Nxd7 33. Ng4 f5 34. Nh6+ Kg7 35. Nxf5+ gxf5 36. Rxf5 Ndf6 {[%emt 0:01:43] Wards off Qg4+} 37. Qf3 Kh8 38. Nxb5 Qxb5 39. Rxf6 {[%emt 0:00:09] [#] Intending Rf7 and mate.} Rf8 (39... Qxb2 $2 40. Rf7 Qd4 41. Rg1 $18) 40. Rxf8+ Rxf8 41. Qe4 Qxb2 {[%emt 0:06:49] Threatens to win with ...Qd4.} 42. Qxc4 (42. d6 $142 Qf2 43. Qxe5+ Nf6 44. Qe3 Qxe3 45. Rxe3) 42... Qf2 {[%emt 0:03:55] ( -> ...Qf3+)} 43. Qe4 Nf6 (43... Rg8 $142 44. Qxe5+ Nf6 45. Qe2 Rg1+ 46. Rxg1 Qxe2 47. h3 Nxd5 48. Rg2 Qf1+ 49. Kh2 Nf4 50. Rb2 Qxh3+ (50... Nxh3 {leads to mate.} 51. Rb8+ Kg7 52. Rb7+ Kg6 53. Kg3 Qf4+ 54. Kg2 Qe4+ 55. Kh2 Qxb7 56. Kxh3 Kf5 57. Kg3 Qe4 58. Kh2 Kf4 59. Kg1 Kf3 60. Kh2 Qc2+ 61. Kh3 Qh7#) 51. Kg1 Qe3+ 52. Kh2 Qf3 53. Rc2 Kg7 (53... Qh5+ {is a self mate.} 54. Kg3 Qg6+ 55. Kxf4 Qxc2 56. Kf3 Qd3+ 57. Kg2 Qe2+ 58. Kh3 Kg7 59. Kg3 Kf6 60. Kf4 Qd3 61. Kg4 Qe3 62. Kh4 Kf5 63. Kh5 Qh3#) 54. Rb2 Ne2 55. Rxe2 Qxe2+ 56. Kg3 Kf7 57. Kf4 Kf6 58. Kg3 Kf5 59. Kh3 Kf4 60. Kh4 Qh2#) 44. Qe2 Qxe2 ({Not} 44... Nxd5 45. Qh5+ Kg7 46. Rg1+ $16 (46. Rxe5 $2 Qf1#) (46. Rxe5 $2 Qf1#)) 45. Rxe2 Re8 {[%emt 0:00:00] Weighted Error Value: White=0.63/Black=0.34.  Loses game:     	White=1     	Black=1      Mistake:       	White=4     	Black=2      Inaccurate:     	White=3     	Black=4      OK:         	White=8     	Black=13     Best:        	White=1     	Black=2} (45... Nxd5 46. Rxe5 Rf1+ 47. Kg2 $15) 0-1

[Event "WWRR B-Group 2024"]
[Site "Wachtebeke"]
[Date "2024.02.12"]
[Round "1.5"]
[White "Vandenhole, Kobe"]
[Black "Raptis, Filippos"]
[Result "1-0"]
[ECO "B31"]
[WhiteElo "2081"]
[BlackElo "2174"]
[Annotator "RC"]
[PlyCount "123"]
[EventDate "2024.02.12"]
[EventType "tourn"]
[EventCountry "BEL"]
[SourceTitle "playchess.com"]
[Source "ChessBase"]
[SourceQuality "1"]
[TimeControl "40/5400+30:900+30"]

1. e4 c5 2. Nf3 Nc6 3. Bb5 g6 4. c3 Bg7 5. d4 cxd4 6. cxd4 a6 7. Ba4 b5 8. Bb3 d6 9. O-O e6 10. d5 Na5 11. dxe6 fxe6 12. Nc3 Ne7 13. Ng5 Nxb3 14. Qxb3 Qd7 15. a4 Rb8 16. axb5 axb5 17. Be3 Nc6 18. Rfc1 O-O 19. Nd5 Nd4 20. Bxd4 Bxd4 21. Rc7 Rxf2 22. Kh1 Qe8 23. Ne7+ Kh8 24. Nc6 Ra8 25. Qd1 Rxa1 26. Qxa1 Bg7 27. Kg1 Rc2 28. Nf7+ Kg8 29. Nxd6 Qxc6 30. Rxc6 Rxc6 31. Qa8 Rxd6 32. Qxc8+ Bf8 33. e5 Rd1+ 34. Kf2 Kf7 35. Qb7+ Kg8 36. Qxb5 Rd5 37. Qb8 Kf7 38. Qc7+ Be7 39. b3 Rb5 40. Qc3 Rb4 41. Qf3+ Kg7 42. Ke2 Rb5 43. Qc3 Rb4 44. h3 Kf7 45. Qd3 Rb8 46. Qf3+ Kg7 47. Kd1 Rb4 48. Kc2 Rb6 49. Qg4 Kf7 50. h4 h5 51. Qf3+ Kg7 52. g4 Rb4 53. gxh5 gxh5 54. Qxh5 Bxh4 55. Qe8 Rb6 56. Kc3 Rb7 57. Qxe6 Rc7+ 58. Kd3 Be7 59. Qg4+ Kf7 60. e6+ Ke8 61. Qg6+ Kd8 62. Qg8+ 1-0

[Event "WWRR B-Group 2024"]
[Site "Wachtebeke"]
[Date "2024.02.12"]
[Round "2.1"]
[White "Toulzac, Pierre-Yves"]
[Black "Raptis, Filippos"]
[Result "1/2-1/2"]
[ECO "E90"]
[WhiteElo "2046"]
[BlackElo "2174"]
[Annotator "TA"]
[PlyCount "51"]
[EventDate "2024.02.12"]
[EventType "tourn"]
[EventCountry "BEL"]
[SourceTitle "playchess.com"]
[Source "ChessBase"]
[SourceQuality "1"]
[TimeControl "40/5400+30:900+30"]

1. d4 Nf6 2. c4 g6 3. Nc3 Bg7 4. e4 d6 5. h3 O-O 6. Be3 e5 7. d5 a5 8. Nf3 Nh5 9. Nd2 Qe8 (9... Qe7 $14) 10. c5 $16 f5 {[%emt 0:31:16][%cal Bf7f5,Bf5f4][%mdl 32] [#] ...f4 is the strong threat. White is better.} 11. cxd6 $1 Nd7 (11... cxd6 $16 12. a3 Nf6) 12. Nc4 f4 13. Bd2 $36 {[%emt 0:00:42][%mdl 2048] Keeping Black busy. White has more active pieces.} c6 14. a4 ({White should try} 14. Qc2 $18) 14... Qd8 (14... Nhf6 $14) 15. Be2 Nhf6 {[%emt 0:00:03][%cal Bh5f6,Bf6h7,Bh7g5][%mdl 32] [#]} 16. dxc6 (16. O-O $1 $16) 16... bxc6 $14 17. Qc2 Kh8 (17... Nc5 $14) 18. Rd1 h5 (18... Nc5 $16 {is a better defense.}) 19. Nb1 $18 Nh7 20. b4 $2 (20. h4 $18) 20... axb4 $16 21. Bxb4 Ng5 22. Ncd2 c5 23. Bc3 ({Much weaker is} 23. Bxc5 f3 24. gxf3 (24. Bxf3 Nxf3+ 25. gxf3 Qg5 $11) 24... Nxc5 25. Qxc5 Ne6 $15) 23... Ne6 24. a5 {[%emt 0:04:06] Wards off Qb6} ({Better is} 24. Na3 $14) 24... Nd4 $11 25. Bxd4 cxd4 26. Nc4 {[%emt 0:03:42] Weighted Error Value: White=0.32/Black=0.32.  Mistake:       	White=4     	Black=5      Inaccurate:     	---       	Black=1      OK:         	White=6     	Black=5      Best:        	White=1     	Black=2} 1/2-1/2

[Event "WWRR B-Group 2024"]
[Site "Wachtebeke"]
[Date "2024.02.12"]
[Round "2.2"]
[White "Dreelinck, Jacob"]
[Black "Vandenhole, Kobe"]
[Result "1-0"]
[ECO "B32"]
[WhiteElo "2196"]
[BlackElo "2081"]
[Annotator "TA"]
[PlyCount "57"]
[EventDate "2024.02.12"]
[EventType "tourn"]
[EventCountry "BEL"]
[SourceTitle "playchess.com"]
[Source "ChessBase"]
[SourceQuality "1"]
[TimeControl "40/5400+30:900+30"]

1. e4 c5 2. Nf3 Nc6 3. d4 cxd4 4. Nxd4 e5 5. Nb5 d6 6. N1c3 a6 7. Na3 Be7 8. Nc4 b5 9. Ne3 Nf6 10. Bd3 O-O {[%emt 0:02:31] White has an edge.} 11. a4 b4 12. Ncd5 Rb8 13. O-O a5 14. c3 {[%emt 0:02:29] White is more active.} Be6 15. Qe2 g6 (15... bxc3 $14 16. bxc3 Na7) 16. g3 Nd7 (16... bxc3 $14 17. bxc3 Bxd5 18. Nxd5 (18. exd5 Na7 $14) 18... Nxd5) 17. f4 ({White should try} 17. Bb5 $16 Na7 18. cxb4 axb4 19. Nxb4) 17... exf4 $14 18. gxf4 f5 $2 {[%emt 0:04:19] [#] Black cannot hold the game after this.} (18... Bh4 $14) 19. exf5 $18 gxf5 20. Bb5 Na7 21. Bc4 ({Much less strong is} 21. cxb4 axb4 22. Nxf5 Bxf5 $18) 21... Nc5 $2 (21... Bf6 22. cxb4 axb4 23. Nxf6+ (23. Nxf5 Nc5 $18) 23... Rxf6) 22. cxb4 axb4 23. b3 Bf6 24. Nxf5 {[%emt 0:17:18] Threatens to win with Qg2+.} Bxa1 $2 (24... Bxd5 25. Bxd5+ Kh8) 25. Nh6+ Kg7 {[%emt 0:03:16] [#]} 26. Qg2+ $1 Kh8 27. Bb2+ Rf6 28. Bxa1 Bxd5 29. Bxd5 {[%emt 0:00:24] Weighted Error Value: White=0.22 (precise) /Black=0.76.  Loses game:     	---       	Black=1      Mistake:       	White=1     	Black=4      Inaccurate:     	White=2     	---        OK:         	White=6     	Black=6      Best:        	White=2     	---} 1-0

[Event "WWRR B-Group 2024"]
[Site "Wachtebeke"]
[Date "2024.02.12"]
[Round "2.3"]
[White "Kurt, Sascha"]
[Black "Schrik, Rachid"]
[Result "1/2-1/2"]
[ECO "B32"]
[WhiteElo "2002"]
[BlackElo "2179"]
[Annotator "TA"]
[PlyCount "76"]
[EventDate "2024.02.12"]
[EventType "tourn"]
[EventCountry "BEL"]
[SourceTitle "playchess.com"]
[Source "ChessBase"]
[SourceQuality "1"]
[TimeControl "40/5400+30:900+30"]

1. e4 c5 2. Nf3 Nc6 3. d4 cxd4 4. Nxd4 e5 5. Nb5 d6 6. c4 g6 7. N1c3 {[%emt 0:00:15] [#] Strongly threatening Nd5.} a6 8. Na3 Nf6 {[%emt 0:03:13][%cal Bg8f6,Bf6h5,Bh5f4,Bf4h3][%mdl 32] The position is equal.} 9. Nc2 Be6 10. Bd3 Bg7 11. O-O Rc8 12. b3 O-O 13. Bb2 Nh5 14. Be2 Nf4 15. g3 Nh3+ 16. Kg2 (16. Kh1 $1 $11) 16... Ng5 $15 17. Rg1 Bh3+ 18. Kh1 f5 19. f3 fxe4 20. Nxe4 Nxe4 21. fxe4 Bh6 ({Better is} 21... Rf2 $15) 22. Bg4 $11 Bxg4 23. Qxg4 Qf6 24. Qe2 Qf2 25. Qxf2 Rxf2 26. Rg2 Rcf8 27. Kg1 R2f3 28. Re2 Rd3 29. Kg2 Nd4 30. Bxd4 exd4 31. Ne1 Re3 32. Rxe3 dxe3 {[%emt 0:00:23][%mdl 4096] Endgame. KRB-KRN} 33. Nf3 Re8 34. Kf1 Rxe4 35. Ke2 Kf8 36. Rd1 Ke7 37. Rd4 Re6 (37... Rxd4 $11 {keeps the balance.} 38. Nxd4 Kf6) 38. Rh4 $16 {[%emt 0:01:33][%mdl 1024] White has strong compensation.} g5 {[%emt 0:11:20] Weighted Error Value: White=0.06 (flawless) /Black=0.15 (very precise) .  Mistake:       	White=1     	Black=3      Inaccurate:     	White=2     	Black=1      OK:         	White=13    	Black=11     Best:        	White=2     	Black=2} (38... Bg7 $142) 1/2-1/2

[Event "WWRR B-Group 2024"]
[Site "Wachtebeke"]
[Date "2024.02.12"]
[Round "2.4"]
[White "Dreelinck, Adriaan"]
[Black "Nemegeer, Arne"]
[Result "1/2-1/2"]
[ECO "D02"]
[WhiteElo "2205"]
[BlackElo "2100"]
[Annotator "TA"]
[PlyCount "39"]
[EventDate "2024.02.12"]
[EventType "tourn"]
[EventCountry "BEL"]
[SourceTitle "playchess.com"]
[Source "ChessBase"]
[SourceQuality "1"]
[TimeControl "40/5400+30:900+30"]

1. Nf3 Nf6 2. g3 d5 3. Bg2 Nbd7 4. d4 Nb6 5. O-O Bf5 6. Nbd2 h6 {[%emt 0:01:54] [#]} 7. c4 $1 {[%emt 0:04:57] Hoping for cxd5.} e6 (7... c6 8. Qb3) 8. Ne5 {[%emt 0:08:57] The position is equal.} c6 9. b3 Be7 10. Bb2 O-O 11. Re1 Nbd7 12. Rc1 a5 13. a3 Qb6 14. c5 Qc7 15. Nxd7 Nxd7 16. f3 (16. e4 $11 {might be stronger.} dxe4 17. Nxe4 (17. Bxe4 Bxe4 18. Nxe4 Rfd8 $11)) 16... Rfd8 17. e4 dxe4 18. fxe4 Bg6 19. Kh1 {[%emt 0:04:02] [#]} (19. e5 $1 $11) 19... e5 $1 $17 20. Nc4 {[%emt 0:09:37] Weighted Error Value: White=0.22 (precise) /Black=0.09 (flawless) .  Mistake:       	White=3     	---        Inaccurate:     	White=2     	Black=3      OK:         	White=4     	Black=9      Strong:       	---       	Black=1} (20. Nf3 $142) 1/2-1/2

[Event "WWRR B-Group 2024"]
[Site "Wachtebeke"]
[Date "2024.02.12"]
[Round "2.5"]
[White "Ruzhansky, Elias"]
[Black "Verduyn, Frederic"]
[Result "1/2-1/2"]
[ECO "C55"]
[WhiteElo "2133"]
[BlackElo "2087"]
[Annotator "NA RC"]
[PlyCount "81"]
[EventDate "2024.02.12"]
[EventType "tourn"]
[EventCountry "BEL"]
[SourceTitle "playchess.com"]
[Source "ChessBase"]
[SourceQuality "1"]
[TimeControl "40/5400+30:900+30"]

1. e4 e5 2. Nf3 Nc6 3. Bc4 Nf6 4. d3 h6 5. O-O d6 6. a4 g6 7. Nc3 Bg7 8. h3 O-O 9. Be3 Kh7 10. Qd2 a6 11. d4 Nd7 12. Rad1 f5 13. exf5 Rxf5 14. dxe5 Rxf3 15. gxf3 Ndxe5 16. Bd5 Bxh3 17. Rfe1 Qh4 18. Bf4 Rf8 19. Bg3 Qh5 20. Re3 Ne7 21. f4 Nxd5 22. Qxd5 c6 23. Qh1 Nc4 24. Re7 d5 25. f5 Qxf5 26. Nxd5 Bg4 27. Ne3 Nxe3 28. Rdd7 Qxd7 29. Rxd7 Bxd7 30. fxe3 Bf5 31. Qh4 Re8 32. Qb4 b5 33. Qc5 Re6 34. a5 h5 35. c3 Bd3 36. b4 Bc4 37. Qa7 g5 38. Qxa6 Rxe3 39. Kf2 Re2+ 40. Kg1 Bd5 41. Kf1 1/2-1/2

[Event "WWRR B-Group 2024"]
[Site "Wachtebeke"]
[Date "2024.02.12"]
[Round "3.1"]
[White "Verduyn, Frederic"]
[Black "Toulzac, Pierre-Yves"]
[Result "1-0"]
[ECO "B06"]
[WhiteElo "2087"]
[BlackElo "2046"]
[Annotator "NA RC"]
[PlyCount "41"]
[EventDate "2024.02.12"]
[EventType "tourn"]
[EventCountry "BEL"]
[SourceTitle "playchess.com"]
[Source "ChessBase"]
[SourceQuality "1"]
[TimeControl "40/5400+30:900+30"]

1. d4 g6 2. Nc3 Bg7 3. e4 d6 4. Be3 a6 5. Qd2 b5 6. h4 h6 7. O-O-O Bb7 8. a3 Nd7 9. Nh3 Rc8 10. f4 c5 11. dxc5 Nxc5 12. Bxc5 Rxc5 13. e5 Qa5 14. Nf2 Rxc3 15. bxc3 Qxa3+ 16. Kb1 Nf6 17. exf6 Bxf6 18. Rh3 b4 19. Qc1 Qa5 20. Qb2 O-O 21. Qxb4 1-0

[Event "WWRR B-Group 2024"]
[Site "Wachtebeke"]
[Date "2024.02.12"]
[Round "3.2"]
[White "Nemegeer, Arne"]
[Black "Ruzhansky, Elias"]
[Result "0-1"]
[ECO "C43"]
[WhiteElo "2100"]
[BlackElo "2133"]
[Annotator "NA RC"]
[PlyCount "82"]
[EventDate "2024.02.12"]
[EventType "tourn"]
[EventCountry "BEL"]
[SourceTitle "playchess.com"]
[Source "ChessBase"]
[SourceQuality "1"]
[TimeControl "40/5400+30:900+30"]

1. e4 e5 2. Nf3 Nf6 3. d4 Nxe4 4. Bd3 d5 5. Nxe5 Nd7 6. Nxd7 Bxd7 7. O-O Nf6 8. c4 Be7 9. Nc3 Be6 10. c5 O-O 11. Bf4 c6 12. Re1 Qd7 13. Qc2 Rfe8 14. b4 g6 15. b5 Nh5 16. Be3 Ng7 17. Qa4 Bf5 18. Be2 h5 19. h3 Bd8 20. Nb1 Bxh3 21. bxc6 bxc6 22. Nd2 Bf5 23. Nf3 Bf6 24. Bf4 Ne6 25. Be5 Nxc5 26. Qb4 Ne4 27. Bxf6 Nxf6 28. Ne5 Qe7 29. Nxc6 Qxb4 30. Nxb4 Rab8 31. a3 a5 32. Nc6 Rb6 33. Rac1 Bd3 34. Kf1 Rxe2 35. Rxe2 Rb2 36. Rce1 Ne4 37. Ne5 Nd2+ 38. Kg1 Bxe2 39. Rxe2 Nf3+ 40. Kf1 Rb1+ 41. Re1 Rxe1# 0-1

[Event "WWRR B-Group 2024"]
[Site "Wachtebeke"]
[Date "2024.02.12"]
[Round "3.3"]
[White "Schrik, Rachid"]
[Black "Dreelinck, Adriaan"]
[Result "1-0"]
[ECO "E94"]
[WhiteElo "2179"]
[BlackElo "2205"]
[Annotator "TA"]
[PlyCount "59"]
[EventDate "2024.02.12"]
[EventType "tourn"]
[EventCountry "BEL"]
[SourceTitle "playchess.com"]
[Source "ChessBase"]
[SourceQuality "1"]
[TimeControl "40/5400+30:900+30"]

1. c4 Nf6 2. Nc3 g6 3. d4 Bg7 4. e4 d6 5. Be2 O-O 6. Be3 Nbd7 7. Nf3 e5 8. O-O Qe7 9. dxe5 dxe5 10. h3 c6 11. Qc2 Nc5 12. Rfd1 Nh5 13. Nd2 (13. Rab1 $11) 13... Nf4 $15 {[%emt 0:03:23] Black is slightly better.} 14. Bf1 g5 15. Nb3 Nxb3 16. axb3 g4 17. hxg4 {[%emt 0:00:00] Black should prevent f3.} (17. Na4 {looks sharper.} gxh3 18. g3 Bg4 19. gxf4 Bxd1 20. Qxd1 exf4 21. Bxf4 Qxe4 22. Qg4) 17... Bxg4 18. f3 Bh5 19. Qf2 b6 {[%emt 0:01:26] Inhibits b4.} (19... a6 $11) 20. c5 Kh8 {[%emt 0:06:39] [#]} 21. g3 (21. Rd6 $1 $16) 21... Rg8 $2 {[%emt 0:08:42] This costs Black the game.} 22. cxb6 $1 $18 (22. gxf4 $2 {is the wrong capture.} exf4 23. Bg2 fxe3 24. Qxe3 bxc5 $19) 22... Bh6 $2 (22... Ne6 23. Rxa7 Rxa7) 23. Rxa7 {[%emt 0:00:00] White is clearly winning.} Rxa7 24. bxa7 Nh3+ 25. Bxh3 Bxe3 26. Qxe3 Qh4 27. Bg2 Qxg3 28. Qf2 {[%emt 0:00:00] [#] White wants to mate with Qxg3.} Qf4 29. Ra1 Bxf3 30. a8=Q {[%emt 0:00:30] Weighted Error Value: White=0.18 (very precise) /Black=0.88.  Loses game:     	---       	Black=1      Mistake:       	White=2     	Black=2      Inaccurate:     	White=1     	Black=3      OK:         	White=4     	Black=1      Best:        	White=2     	Black=1      Strong:       	White=1     	---} 1-0

[Event "WWRR B-Group 2024"]
[Site "Wachtebeke"]
[Date "2024.02.12"]
[Round "3.4"]
[White "Vandenhole, Kobe"]
[Black "Kurt, Sascha"]
[Result "0-1"]
[ECO "D41"]
[WhiteElo "2081"]
[BlackElo "2002"]
[Annotator "NA RC"]
[PlyCount "142"]
[EventDate "2024.02.12"]
[EventType "tourn"]
[EventCountry "BEL"]
[SourceTitle "playchess.com"]
[Source "ChessBase"]
[SourceQuality "1"]
[TimeControl "40/5400+30:900+30"]

1. d4 d5 2. c4 e6 3. Nc3 Nf6 4. cxd5 Nxd5 5. e4 Nxc3 6. bxc3 c5 7. Nf3 cxd4 8. cxd4 Bb4+ 9. Bd2 Bxd2+ 10. Qxd2 O-O 11. Bd3 Nc6 12. e5 Ne7 13. Be4 Nd5 14. O-O h6 15. a4 b6 16. a5 Bb7 17. Rfc1 Qd7 18. h3 Ne7 19. Qf4 Bxe4 20. Qxe4 Rac8 21. axb6 Rxc1+ 22. Rxc1 axb6 23. Kh2 Rc8 24. Rb1 Nd5 25. Qd3 Qa4 26. Qb3 Qxb3 27. Rxb3 Rb8 28. Ne1 Ra8 29. Kg3 Ra4 30. Nc2 Rc4 31. Rb2 Rc3+ 32. f3 Rd3 33. Nb4 Rxd4 34. Nxd5 Rxd5 35. Rxb6 Rxe5 36. Rb7 Rf5 37. Kf2 g5 38. Kg3 Rf4 39. Kf2 Kg7 40. Ra7 Kg6 41. Rb7 Ra4 42. Rb2 h5 43. Re2 h4 44. Rb2 f6 45. Re2 Kf5 46. Rb2 Kf4 47. Rb6 Ra2+ 48. Kf1 Kg3 49. Rxe6 Rxg2 50. Rxf6 Rf2+ 51. Kg1 Rxf3 52. Rg6 Rf5 53. Rc6 Kxh3 54. Rc3+ Kg4 55. Kg2 Rf4 56. Ra3 h3+ 57. Kh2 Rf2+ 58. Kg1 Rf3 59. Ra2 Kh4 60. Kh2 g4 61. Ra4 Rf2+ 62. Kg1 Rb2 63. Kh1 Re2 64. Rb4 Kg3 65. Rb3+ Kf2 66. Kh2 Re3 67. Rb2+ Kf3 68. Rb8 Re2+ 69. Kh1 Re1+ 70. Kh2 g3+ 71. Kxh3 Rh1# 0-1

[Event "WWRR B-Group 2024"]
[Site "Wachtebeke"]
[Date "2024.02.12"]
[Round "3.5"]
[White "Raptis, Filippos"]
[Black "Dreelinck, Jacob"]
[Result "1/2-1/2"]
[ECO "B51"]
[WhiteElo "2174"]
[BlackElo "2196"]
[Annotator "TA"]
[PlyCount "88"]
[EventDate "2024.02.12"]
[EventType "tourn"]
[EventCountry "BEL"]
[SourceTitle "playchess.com"]
[Source "ChessBase"]
[SourceQuality "1"]
[TimeControl "40/5400+30:900+30"]

1. e4 c5 2. Nf3 d6 3. Bb5+ Nd7 4. c3 a6 5. Ba4 Ngf6 6. Qe2 b5 7. Bc2 Bb7 8. O-O c4 9. b3 cxb3 10. axb3 g6 11. d4 Bg7 12. Rd1 {[%emt 0:02:39] Strongly threatening e5.} O-O 13. Nbd2 Rc8 14. Bb2 Qc7 15. Nf1 e5 16. d5 b4 $1 17. c4 Nc5 18. Ne1 a5 19. f3 Bh6 (19... Ba6 $15) 20. Nd3 (20. Bc1 $11 Bxc1 21. Rdxc1) 20... Nfd7 (20... a4 $15 21. bxa4 b3) 21. Kh1 {[%emt 0:09:19] [#]} (21. Bc1 $11 {keeps the balance.} Bxc1 22. Nxc1) 21... Ra8 ({Better is} 21... Nxd3 $1 $17 22. Bxd3 Nc5) 22. Ne3 (22. Bc1 $11 {remains equal.} Bxc1 23. Nxc1) 22... Nxd3 $17 23. Bxd3 Nc5 24. Ng4 Bg7 {[%emt 0:00:05][%cal Oh7h5] aiming for ...h5!} 25. Bc2 h5 26. Nf2 {[%emt 0:00:07] [#]} Bh6 (26... a4 $1 $17 27. bxa4 b3) 27. Nd3 $11 Nxd3 28. Bxd3 Qc5 29. g3 Bc8 30. Kg2 Bd7 31. Rf1 Qc8 32. Rf2 h4 33. Bc1 (33. f4 $14) 33... Bxc1 $17 34. Rxc1 hxg3 35. hxg3 Qc5 36. f4 f6 (36... exf4 $1 $11 37. Qf3 Qd4) 37. fxe5 (37. Rh1 $1 $14 Kg7 (37... a4 $2 38. f5 $18) 38. Qd2) 37... fxe5 $11 {[%emt 0:00:25][%cal Od7h3] And now ...Bh3+! would win.} 38. Rcf1 Kg7 39. Qd2 Rxf2+ 40. Rxf2 (40. Qxf2 $11 Qxf2+ 41. Rxf2) 40... Rh8 $15 {[%emt 0:01:23] Threatens to win with ...Bh3+.} 41. Bf1 Bg4 (41... Qa7 $17 {...a4 is the strong threat.} 42. Qe2 Bh3+ 43. Kg1 Bxf1 44. Kxf1 a4) 42. Qg5 $11 {[%emt 0:00:47] Dancing on a razor blade. The position is equal.} Rh2+ $1 43. Kxh2 {[%emt 0:00:02] Intending Qe7+ and mate.} Qxf2+ 44. Bg2 Bf3 {[%emt 0:01:02] Weighted Error Value: White=0.26 (precise) /Black=0.19 (very precise) .  Mistake:       	White=6     	Black=6      Inaccurate:     	White=2     	Black=3      OK:         	White=8     	Black=12     Best:        	White=4     	Black=3      Strong:       	---       	Black=2} 1/2-1/2